 Dungeon Sprint DCSS version 0.27-a0-1548-gf8a67e7463 (webtiles) character file.

Game seed: 4524245107341059008

113 mhtbhm the Shield-Bearer (level 4, -5/52 (67) HPs)
             Began as a Minotaur Fighter on July 13, 2021.
             Was an Initiate of Gozag.
             Slain by Edmund (8 damage)
             ... in the Dungeon (Sprint VII: "The Pits").
             The game lasted 00:00:28 (265 turns).

mhtbhm the Shield-Bearer (Minotaur Fighter)          Turns: 265, Time: 00:00:28

HP:   -5/52 (67)    AC:  7    Str: 22    XL:     4   Next: 65%
MP:   3/3           EV:  8    Int:  5    God:    Gozag
Gold: 387           SH: 10    Dex:  9    Spells: 3/3 levels left

rFire    . . .     SeeInvis .   a - +2 hand axe
rCold    . . .     Faith    .   c - +0 kite shield
rNeg     . . .     Spirit   .   b - +0 scale mail
rPois    .         Reflect  .   (helmet restricted)
rElec    .         Harm     .   (no cloak)
rCorr    .         Rampage  .   (no gloves)
Will     .....     NoTele   +   (no boots)
Stlth    ..........             (no amulet)
HPRegen  0.17/turn              (no ring)
MPRegen  0.08/turn              (no ring)

@: berserking, heavily drained, very quick
A: horns 2, retaliatory headbutt
a: Renounce Religion, Potion Petition, Call Merchant, Bribe Branch


You were in the Dungeon.
You worshipped Gozag.
Gozag was aware of your devotion.
You visited 1 branch You collected 387 gold pieces.

Inventory:

Hand Weapons
 a - a +2 hand axe (weapon)
Armour
 b - a +0 scale mail (worn)
 c - a +0 kite shield (worn)
Scrolls
 j - a scroll of blinking
 l - 5 scrolls of amnesia
 m - a scroll of summoning
Potions
 d - a potion of might
 e - a potion of curing
 g - a potion of haste
 h - 4 potions of magic
 i - 2 potions of berserk rage
 k - 2 potions of invisibility


   Skills:
 + Level 6.9 Fighting
 + Level 4.3 Axes
 + Level 7.0 Armour
 + Level 7.2 Shields


You had 3 spell levels left.
You didn't know any spells.
Your spell library was empty.

Dungeon Overview and Level Annotations

Branches:
Dungeon (1/1)

Altars:
Ashenzari
Cheibriados
Dithmenos
Elyvilon
Fedhas
Gozag
Hepliaklqana
Kikubaaqudgha
Makhleb
Nemelex Xobeh
Okawaru
Qazlal
Ru
Sif Muna
Trog
Uskayaw
Vehumet
Wu Jian
Xom
Yredelemnul
Zin
The Shining One
Beogh
Jiyva
Lugonu

Annotations:
D Edmund


Innate Abilities, Weirdness & Mutations

You have a pair of horns on your head.
You reflexively headbutt those who attack you in melee.


Message History

You are too injured to fight recklessly!
You are too injured to fight recklessly!
You are too injured to fight recklessly!
You are too injured to fight recklessly!
You are too injured to fight recklessly!
You are too injured to fight recklessly!
You closely miss Edmund.
Edmund is heavily wounded.
You block Edmund's attack.
Edmund says, "People accused me of being a cutpurse!"
Edmund hits you but does no damage.
You feel drained.
You barely miss Edmund. Your headbutt misses Edmund.
Edmund is heavily wounded.
You block Edmund's attack.
You slash Edmund!
Edmund is severely wounded.
Edmund hits you with a +2 flail of draining!
* * * LOW HITPOINT WARNING * * *
You feel drained.
* * * LOW HITPOINT WARNING * * *
Unknown command.
You feel much better. You block Edmund's attack.
A red film seems to cover your vision as you go berserk!
You feel yourself moving faster!
You feel mighty!
Edmund hits you with a +2 flail of draining.
You feel drained.
You hit Edmund but do no damage.
Edmund is severely wounded.
You block Edmund's attack.
You barely miss Edmund.
Edmund is severely wounded.
Edmund hits you with a +2 flail of draining!
* * * LOW HITPOINT WARNING * * *
You feel drained.
* * * LOW HITPOINT WARNING * * *
You slash Edmund!
Edmund is almost dead.
Edmund hits you with a +2 flail of draining!
You die...
Your body crumbles into a pile of gold.

##########.##..........
#...........'..........
#+#####'#####......#..#
#..#..# #..........
#..'..# ####'#####+
#..#### #.......#
#..#..# #.......#
#..#@$# #.......#
##'#@.#+###...<...#
#..$.....##.......#
#........##.......#
###########.......#
#########


You could see Edmund (strong).

Vanquished Creatures
  A floating eye (D)
  A bat zombie (D)
  A hobgoblin (D)
  3 jackals (D)
  2 quokkas (D)
  A ball python (D)
  A bat (D)
  A frilled lizard (D)
11 creatures vanquished.

Notes
Turn   | Place    | Note
-------+----------+-------------------------------------------
     0 | D        | mhtbhm the Minotaur Fighter began the quest for the Orb.
     0 | D        | Reached XP level 1. HP: 19/19 MP: 0/0
    18 | D        | Found a bloodstained altar of Trog.
    18 | D        | Found a shimmering blue altar of Sif Muna.
    18 | D        | Found a viscous altar of Jiyva.
    18 | D        | Found a hazy altar of Hepliaklqana.
    18 | D        | Found an opulent altar of Gozag.
    19 | D        | Found a glowing golden altar of the Shining One.
    19 | D        | Found a glowing silver altar of Zin.
    19 | D        | Found a basalt altar of Yredelemnul.
    19 | D        | Found a shimmering altar of Xom.
    19 | D        | Found an ornate altar of the Wu Jian Council.
    19 | D        | Found a sacrificial altar of Ru.
    19 | D        | Found a stormy altar of Qazlal.
    19 | D        | Found an iron altar of Okawaru.
    19 | D        | Found a sparkling altar of Nemelex Xobeh.
    19 | D        | Found a burning altar of Makhleb.
    19 | D        | Found a blossoming altar of Fedhas.
    19 | D        | Found a white marble altar of Elyvilon.
    19 | D        | Found a shadowy altar of Dithmenos.
    19 | D        | Found a snail-covered altar of Cheibriados.
    21 | D        | Found a radiant altar of Vehumet.
    21 | D        | Found a corrupted altar of Lugonu.
    23 | D        | Found an ancient bone altar of Kikubaaqudgha.
    23 | D        | Found a hide-covered altar of Uskayaw.
    23 | D        | Found a broken altar of Ashenzari.
    26 | D        | Became a worshipper of Gozag Ym Sagoz the Greedy
    64 | D        | Noticed a floating eye
    69 | D        | Paralysed by a floating eye for 2 turns
    71 | D        | Killed a floating eye
    72 | D        | Reached XP level 2. HP: 31/31 MP: 1/1
    72 | D        | Reached XP level 3. HP: 38/38 MP: 2/2
    72 | D        | Reached XP level 4. HP: 45/45 MP: 3/3
   250 | D        | Noticed Edmund
   265 | D        | Slain by Edmund

Illustrated notes

Levels and vault maps discovered:
D:        pitsprint [storerooms_1, entrance_room_1, metal_vault_6, armoury_1,
          mini_pit_1, grid_room_1, main_hall_1, silver_pit, the_coven_3,
          the_vestibule_1, steel_vault_2, golden_pit, hallway_of_sentries,
          crystal_vault_6, iron_vault_1, final_vault]

Skill      XL: |  1  2  3  4 |
---------------+-------------+-----
Fighting       | 6 |  6.9
Armour         | 6 7 |  7.0
Shields        | 7 |  7.2
Axes           | 4 |  4.3

Action                   |  1- 3 |  4- 6 || total
-------------------------+-------+-------++-------
Melee: Hand axe          |     3 |    26 ||    29
       Headbutt          |     1 |     3 ||     4
       War axe           |     1 |       ||     1
  Use: Potion            |       |     2 ||     2
Armor: Scale mail        |       |     9 ||     9
Dodge: Dodged            |       |     5 ||     5
Block: Kite shield       |     1 |    17 ||    18

Table legend: (Time is in decaauts)
 A = Elapsed time spent in this place.
 B = Non-inter-level travel time spent in this place.
 C = Inter-level travel time spent in this place.
 D = Time resting spent in this place.
 E = Time spent auto-exploring this place.
 F = Levels seen in this place.
 G = Mean time per level.
                   A        B        C        D        E       F      G
               +--------+--------+--------+--------+--------+-----+--------+
         Total |    272 |    272 |      0 |    146 |      0 |   1 |  272.0 |
       Dungeon |    272 |    272 |      0 |    146 |      0 |   1 |  272.0 |
               +--------+--------+--------+--------+--------+-----+--------+

Top non-repeatable levels by time:
       D: 272 daAuts
